 Dungeon Crawl Stone Soup version 0.28-a0-662-g1651b1f1e0 (webtiles) character file.

Game seed: 3116375889853579723

2 cheechan the Ducker (level 1, 0/14 HPs)
             Began as an Octopode Gladiator on Oct 14, 2021.
             Constricted to death by a ball python (1 damage)
             ... on level 1 of the Dungeon.
             The game lasted 00:00:47 (216 turns).

cheechan the Ducker (Octopode Gladiator)             Turns: 216, Time: 00:00:47

Health: 0/14       AC:  1    Str: 13    XL:     1   Next: 40%
Magic:  1/1        EV: 10    Int: 10    God:
Gold:   0          SH:  0    Dex: 13    Spells: 0/0 levels left

rFire   . . .      SeeInvis .   a - +0 flail
rCold   . . .      Faith    .   (no shield)
rNeg    . . .      Spirit   .   b - +0 hat
rPois   .          Reflect  .   (no amulet)
rElec   .          Harm     .   (no ring)
rCorr   .          Rampage  .   (no ring)
Will    .....                   (no ring)
Stlth   ++........              (no ring)
HPRegen 0.04/turn               (no ring)
MPRegen 0.07/turn               (no ring)
                                (no ring)
                                (no ring)

@: constricted
A: almost no armour, amphibious, 8 rings, camouflage 1, gelatinous body 1,
(nimble swimmer 1), tentacles
a: no special abilities


You were on level 1 of the Dungeon.
You visited 1 branch of the dungeon, and saw 1 of its levels.

Inventory:

Hand Weapons
 a - a +0 flail (weapon)
Missiles
 c - 3 throwing nets (quivered)
 d - 52 stones
Armour
 b - a +0 hat (worn)


   Skills:
 + Level 2.0 Fighting
 + Level 3.0 Maces & Flails
 + Level 2.0 Throwing
 + Level 3.0 Dodging


You couldn't memorise any spells.
You didn't know any spells.
Your spell library was empty.

Dungeon Overview and Level Annotations

Branches:
Dungeon (1/15)

Altars:


Innate Abilities, Weirdness & Mutations

You cannot wear most types of armour.
You are amphibious.
You can wear up to eight rings at the same time.
Your skin changes colour to match your surroundings (Stealth+).
Your rubbery body absorbs attacks. (AC +1, EV +1)
((You are camouflaged near water. (Stealth+)))
You have tentacles for arms and can constrict up to eight enemies at once.


Message History

As you open the door, it creaks loudly! As you open the door, it creaks loudly!
There is an open door here.
d - 52 stones (gained 22)
The jackal barks!
A jackal comes into view.
A jackal comes into view.
The jackal barks! x2
The jackal moves out of view.
The jackal barks!
You closely miss the jackal. Your grab misses the jackal.
The jackal barely misses you. The jackal completely misses you.
You hit the jackal.
You kill the jackal!
The jackal bites you. x2
You closely miss the jackal. You grab the jackal.
You squeeze the jackal, but do no damage.
You constrict the jackal. The jackal bites you. x2
You hit the jackal.
You kill the jackal!
The jackal bites you. The jackal misses you. The jackal bites you.
* * * LOW HITPOINT WARNING * * *
The jackal closely misses you.
You hit the jackal but do no damage. Your grab misses the jackal.
The jackal bites you.
* * * LOW HITPOINT WARNING * * *
The jackal barely misses you. The jackal closely misses you.
The jackal completely misses you.
You start resting.
A ball python is nearby!
The ball python hisses angrily.
There is an open door here.
The ball python closely misses you. The ball python grabs you.
The ball python constricts you.
* * * LOW HITPOINT WARNING * * *
You barely miss the ball python. You grab the ball python.
You constrict the ball python. The ball python bites you.
* * * LOW HITPOINT WARNING * * *
The ball python constricts you.
You die...

......#.......##..#.#######
.#.........................#
............†..............##
...≈≈≈≈≈≈≈≈≈≈≈≈≈≈≈≈≈≈≈≈≈≈≈...
...≈≈≈≈≈≈≈≈≈≈hh≈≈≈≈≈≈≈≈≈≈≈...
...≈≈≈≈≈≈≈≈≈≈≈≈≈≈≈≈≈≈≈≈≈≈≈...
...≈≈≈#'#'#≈≈≈≈≈≈≈#'#'#≈≈≈...
...≈≈≈'>..##S###'##...'≈≈≈...
...≈≈≈'...#..@....#...'≈≈≈...
...≈≈≈#'#'#.#####.###'#≈≈≈...
....≈≈≈≈#[..#...#...'≈≈≈≈≈...
..⌠..≈≈≈'.⌠.'.<.###.#≈≈≈≈≈...
..⌠..≈≈≈'.⌠.'...###.#≈≈≈≈≈[..
....≈≈≈≈#...#...#...'≈≈≈≈≈...
...≈≈≈#'###.#####.###'#≈≈≈...
...≈≈≈'...'.......'...'≈≈≈...
...≈≈≈'...##'###'##...'≈≈≈...


You could see a ball python.

Vanquished Creatures
  2 jackals (D:1)
2 creatures vanquished.

Notes
Turn   | Place    | Note
-------+----------+-------------------------------------------
     0 | D:1      | cheechan the Octopode Gladiator began the quest for the
                  | Orb.
     0 | D:1      | Reached XP level 1. HP: 14/14 MP: 1/1
   216 | D:1      | Constricted to death by a ball python

Illustrated notes

Levels and vault maps discovered:
D:1:      dpeg_arrival_castle, layout_loops_ring, basic_ecumenical_altar

Action                   || total
-------------------------++-------
Melee: Flail             ||     6
       Constrict         ||     2
       Tentacles         ||     1
Dodge: Dodged            ||     8

Table legend: (Time is in decaauts)
 A = Elapsed time spent in this place.
 B = Non-inter-level travel time spent in this place.
 C = Inter-level travel time spent in this place.
 D = Time resting spent in this place.
 E = Time spent auto-exploring this place.
 F = Levels seen in this place.
 G = Mean time per level.
                   A        B        C        D        E       F      G
               +--------+--------+--------+--------+--------+-----+--------+
         Total |    217 |    217 |      0 |     79 |      0 |   1 |  217.0 |
       Dungeon |    217 |    217 |      0 |     79 |      0 |   1 |  217.0 |
               +--------+--------+--------+--------+--------+-----+--------+

Top non-repeatable levels by time:
     D:1: 217 daAuts
